[Event "*** Titled Tuesday Blitz"]
[Site "Chess.com"]
[Date "2020.05.12"]
[Round "3"]
[White "TenisMaster"]
[Black "Koalaskakistis"]
[Result "1-0"]
[WhiteElo "2861"]
[BlackElo "2449"]
[TimeControl "180+1"]
[EndTime "10:28:33 PDT"]
[Termination "TenisMaster won on time"]

1. e4 c5 2. Nf3 Nc6 3. Bb5 Nf6 4. Nc3 Qc7 5. O-O a6 6. Bxc6 dxc6 7. h3 e5 8. d3 h6 9. Be3 Be6 10. Nd2 Nd7 11. f4 f6 12. Nc4 b5 13. Nd2 Be7 14.
f5 Bf7 15. Qg4 Rg8 16. a4 b4 17. Ne2 a5 18. Qf3 Nb6 19. Qf2 Nd7 20. Kh1 h5 21.
Rfc1 Qb7 22. Ng1 Qa6 23. Ngf3 c4 24. dxc4 Bxc4 25. Nxc4 Qxc4 26. Nd2 Qa6 27. Rd1 O-O-O 28. b3 Kb7 29. Nc4 c5 30. Qf3 Nb6 31. Nxb6 Qxb6 32. Qxh5 Rxd1+ 33. Rxd1 Rd8 34. Rxd8 Qxd8 35. Qf7 Kc6 36.
Qxg7 Qd1+ 37. Kh2 Bd6 38. Qf7 Qxc2 39. Qd5+ Kc7 40. h4 c4 41. Qxa5+ Kd7 42. Qb5+ Ke7 43.
bxc4 Qxc4 44. Qxc4 1-0

[Event "*** Titled Tuesday Blitz"]
[Site "Chess.com"]
[Date "2020.05.12"]
[Round "3"]
[White "MikeSailer"]
[Black "DanilNajdin"]
[Result "1/2-1/2"]
[WhiteElo "2005"]
[BlackElo "2289"]
[TimeControl "180+1"]
[EndTime "10:28:33 PDT"]
[Termination "Game drawn by repetition"]

1. d4 d5 2. Nf3 Nf6 3. Bf4 c5 4. e3 e6 5. Nbd2 b6 6. c3 Bd6 7. Bxd6 Qxd6 8. Bd3 Nc6 9. O-O e5 10. dxe5 Nxe5 11. Nxe5 Qxe5 12. Qc2 O-O 13. a4 Bb7 14. a5 Ng4 15. Nf3 Qh5 16. h3 f5 17. hxg4 fxg4 18. Nh2 Rf6 19. Bxh7+ Kh8 20. Nxg4 Qxg4 21. f3 Qh4 22.
Bf5 Raf8 23. Bh3 Rh6 24. axb6 axb6 25. Ra7 Bc8 26. Bxc8 Rxc8 27. Qf5 Rg8 28. Rfa1 d4 29. cxd4 cxd4 30. e4 d3 31. Ra8 Rf6 32. Rxg8+ Kxg8 33. Ra8+ Kf7 34. Ra7+ Kg8 35. Ra8+ Kf7 36. Ra7+ Kg8 37.
Ra8+ 1/2-1/2

[Event "*** Titled Tuesday Blitz"]
[Site "Chess.com"]
[Date "2020.05.12"]
[Round "3"]
[White "wild_cat99"]
[Black "Chepaschess"]
[Result "1/2-1/2"]
[WhiteElo "2595"]
[BlackElo "2764"]
[TimeControl "180+1"]
[EndTime "10:28:34 PDT"]
[Termination "Game drawn by agreement"]

1. Nf3 c5 2. e4 d6 3. d4 cxd4 4. Nxd4 Nf6 5. f3 e5 6. Bb5+ Bd7 7. Bxd7+ Nbxd7 8. Nf5 d5 9. exd5 Nb6 10. Bg5 Qd7 11. Ne3 Nfxd5 12. Nxd5 Nxd5 13. O-O Bc5+ 14. Kh1 f6 15. Bd2 Rd8 16. Qe2 O-O 17. Qc4 Bb6 18.
Nc3 Qf7 19. Nxd5 Qxd5 20. Qxd5+ Rxd5 21. Bb4 Rfd8 22. c4 Rd4 23. b3 Kf7 24. g3 Rd3 25. Kg2 a5 26. Be1 Re3 27. Rf2 h5 28. Rc2 Red3 29.
c5 Bc7 30. Kf2 g5 31. Ke2 g4 32. fxg4 hxg4 33. Rac1 R3d5 34. Rc4 Rh8 35. Rxg4 Rxh2+ 36. Bf2 f5 37. Rh4 Rxh4 38. gxh4 e4 39. Rc4 Ke6 40.
h5 Rd8 41. h6 Bf4 42. c6 b5 43. Rc5 Bd6 44. Rxb5 Rh8 45. Rxa5 Rxh6 46. c7 Bxc7 47. Ra6+ Bd6 48. Bg3 Kd5 49. Bxd6 Rxd6 50. Rxd6+ Kxd6 51. b4 f4 52. a4 Kd5 53. b5 Kc5 54. Kf2 Kb6 1/2-1/2

[Event "*** Titled Tuesday Blitz"]
[Site "Chess.com"]
[Date "2020.05.12"]
[Round "3"]
[White "kuban1991"]
[Black "GelmanAlexander"]
[Result "1/2-1/2"]
[WhiteElo "2733"]
[BlackElo "2546"]
[TimeControl "180+1"]
[EndTime "10:28:34 PDT"]
[Termination "Game drawn by repetition"]

1. e4 c5 2. Nc3 e6 3. Nge2 a6 4.
g3 d6 5. Bg2 Nf6 6. O-O Be7 7. d3 Nc6 8. h3 O-O 9. Be3 Bd7 10. g4 h6 11. f4 b5 12. Ng3 Nh7 13.
Nh5 Nf6 14. Ng3 Nh7 15. Nce2 b4 16. a3 a5 17. Nh5 Bh4 18. Qd2 Qe7 19. f5 Ne5 20. axb4 axb4 21. b3 Rxa1 22. Rxa1 Bc6 23. d4 cxd4 24. Nxd4 Rc8 25. Qxb4 Bg5 26. Qd2 Bxe3+ 27.
Qxe3 Nf6 28. fxe6 Nxh5 29. exf7+ Qxf7 30. gxh5 Qxh5 31. Rf1 Bd7 32. c4 Rf8 33. Rxf8+ Kxf8 34. Qf4+ Kg8 35. Nf3 Bxh3 36. Nxe5 dxe5 37. Qf3 Bg4 38. Qe3 Be6 39. Qf3 Qg5 40. Qd3 h5 41. b4 h4 42. Kh2 Qf4+ 43. Kg1 Qc1+ 44. Kh2 Qf4+ 45. Kg1 Qc1+ 46. Kh2 Qf4+ 1/2-1/2

[Event "*** Titled Tuesday Blitz"]
[Site "Chess.com"]
[Date "2020.05.12"]
[Round "3"]
[White "venus02"]
[Black "Grineva_Marianna"]
[Result "1/2-1/2"]
[WhiteElo "2322"]
[BlackElo "2109"]
[TimeControl "180+1"]
[EndTime "10:28:34 PDT"]
[Termination "Game drawn by repetition"]

1. e4 d6 2. d4 Nf6 3. Nc3 g6 4. h3 a6 5. Be3 Nbd7 6. Nf3 b5 7. a3 Nb6 8. Bd3 Bb7 9. O-O Nc4 10. Bxc4 bxc4 11. Nd2 Bg7 12. f3 d5 13. exd5 Nxd5 14. Nxd5 Qxd5 15. c3 O-O 16. Qe2 e5 17. Qxc4 exd4 18.
Qxd5 Bxd5 19. Bxd4 Bxd4+ 20. cxd4 Rab8 21. b4 a5 22. Rab1 axb4 23. axb4 Rb5 24. Rfc1 c6 25. Rc5 Rb6 26.
b5 Rfb8 27. Kf2 Rxb5 28. Rbxb5 Rxb5 29. Rxb5 cxb5 30. Ke3 f6 31. Kd3 b4 32. Nf1 Kf7 33.
Ne3 Bb3 34. g4 Ke6 35. f4 Kd6 36. h4 Ke6 37. f5+ gxf5 38. Nxf5 Bd1 39. Ne3 Bb3 40. Ng2 Bd1 41. Nf4+ Kd6 42. g5 fxg5 43. hxg5 b3 44.
Kc3 Bc2 45. Nh5 Ke6 46. Ng3 Bd1 47. Ne4 Kf5 48. Nf6 Kxg5 49. Nxh7+ Kf5 50. Nf8 Kf6 51.
Nd7+ Ke7 52. Nc5 Kd6 53. Nxb3 Bxb3 54. Kxb3 Kd5 55. Kc3 Kd6 56. Kc4 Kc6 57. d5+ Kd6 58.
Kd4 Kd7 59. Kd3 Kd6 60. Ke4 Kd7 61. Ke5 Ke7 62. Kd4 Kd6 63. Kc4 Kd7 64. Kc5 Kc7 65. Kb5 Kd7 66. Kc4 Kd6 67. Kd4 Kd7 68. Ke5 Ke7 69.
d6+ Kd7 70. Kd5 Kd8 71. Kd4 Kd7 72. Kc5 Kd8 73. Kc6 Kc8 74. Kd5 Kd7 75. Ke5 Kd8 76.
Ke6 Ke8 77. Kd5 Kd7 78. Kc5 Kd8 79. Kc4 Kd7 80. Kd5 Kd8 81. Ke6 Ke8 82. Kd5 Kd7 1/2-1/2

[Event "*** Titled Tuesday Blitz"]
[Site "Chess.com"]
[Date "2020.05.12"]
[Round "3"]
[White "GMHess"]
[Black "Witaliss"]
[Result "1-0"]
[WhiteElo "2814"]
[BlackElo "2439"]
[TimeControl "180+1"]
[EndTime "10:28:35 PDT"]
[Termination "GMHess won on time"]

1. e4 c6 2. Nc3 d5 3. Nf3 Bg4 4. h3 Bxf3 5. Qxf3 Nf6 6. d3 e6 7. g4 Bb4 8. Bd2 d4 9. Nb1 Qb6 10. Qd1 Nbd7 11. g5 Ng8 12. h4 Ne7 13. Bh3 a5 14.
Ke2 Bxd2 15. Nxd2 Qc7 16. Nf3 c5 17. h5 Ne5 18. Nxe5 Qxe5 19. Qd2 h6 20. f4 Qd6 21. Rag1 hxg5 22. Rxg5 Kf8 23. Rhg1 g6 24. Kd1 Rxh5 25. Rxh5 gxh5 26. e5 Qb6 27. Kc1 a4 28. Bg2 a3 29. b3 Nf5 30. Be4 Ne3 31. Qe1 Qb4 32. Qxb4 cxb4 33. Bxb7 Ra7 34. Ba6 Nd5 35. Bc4 Nxf4 36. Kd2 Ra5 37. Rf1 Ng6 38. Bxe6 Nxe5 39. Bf5 1-0

[Event "*** Titled Tuesday Blitz"]
[Site "Chess.com"]
[Date "2020.05.12"]
[Round "3"]
[White "Nara_Kh"]
[Black "Klavdia_Nik"]
[Result "0-1"]
[WhiteElo "2302"]
[BlackElo "2081"]
[TimeControl "180+1"]
[EndTime "10:28:35 PDT"]
[Termination "Klavdia_Nik won by resignation"]

1. e4 e5 2. Nf3 Nc6 3. Bb5 a6 4.
Ba4 Nf6 5. d3 b5 6. Bb3 Be7 7. O-O d6 8. h3 Na5 9. Nc3 Nxb3 10.
axb3 Bb7 11. Re1 O-O 12. d4 exd4 13. Nxd4 Nd7 14. Nf5 Bf6 15. Nd5 Re8 16. Nxf6+ Qxf6 17. Qg4 Ne5 18. Qg3 Qg6 19. f4 Nd7 20. Qxg6 hxg6 21.
Ng3 Nc5 22. e5 dxe5 23. fxe5 Rad8 24. b4 Ne6 25. Be3 Rd5 26. Bf2 Nf4 27. Be3 Rdxe5 28. Bxf4 Rxe1+ 29. Rxe1 Rxe1+ 30. Kf2 Rb1 31. Be5 f6 32.
Bxc7 Rxb2 33. Bd6 Rxc2+ 34. Ke3 Rxg2 35. Ne2 g5 36. Nd4 Ra2 37. Nf5 Kf7 38. Kd4 Ra3 39. Kc5 Rxh3 40. Nd4 Be4 41. Kb6 g4 42. Kxa6 Bd3 43.
Nxb5 Bxb5+ 44. Kxb5 g3 45. Kc6 g2 46. Bc5 Rc3 47. b5 Rxc5+ 48. Kxc5 g1=Q+ 0-1

[Event "*** Titled Tuesday Blitz"]
[Site "Chess.com"]
[Date "2020.05.12"]
[Round "3"]
[White "WiktoriaPOL"]
[Black "gusmaster2262"]
[Result "0-1"]
[WhiteElo "2017"]
[BlackElo "2306"]
[TimeControl "180+1"]
[EndTime "10:28:35 PDT"]
[Termination "gusmaster2262 won on time"]

1. c4 Nf6 2. Nc3 g6 3. g3 Bg7 4. Bg2 O-O 5. e4 e5 6. Nge2 c6 7. d3 Na6 8. O-O d6 9. f4 Nh5 10. f5 Nf6 11. h3 d5 12. g4 dxc4 13. dxc4 Qb6+ 14. Kh1 Rd8 15. Qc2 Nb4 16. Qb3 Nd3 17.
Qxb6 axb6 18. Be3 Nxb2 19. Bxb6 Rd2 20. Be3 Rd3 21. Bg5 Nd7 22. Rac1 f6 23. Bh4 Nxc4 24. fxg6 hxg6 25. Bf2 b5 26. Rfd1 Rxd1+ 27. Rxd1 Kf7 28. h4 Ke7 29. Rb1 Bb7 30. Ng3 Rh8 31. Nf1 Nf8 32.
Nh2 Ne6 33. Bf1 Nd6 34. a4 Nd4 35. axb5 cxb5 36. Bxd4 exd4 37. Nxb5 Bxe4+ 38. Kg1 Bxb1 0-1

[Event "*** Titled Tuesday Blitz"]
[Site "Chess.com"]
[Date "2020.05.12"]
[Round "3"]
[White "Michaelson_11"]
[Black "isla88"]
[Result "0-1"]
[WhiteElo "1994"]
[BlackElo "2295"]
[TimeControl "180+1"]
[EndTime "10:28:35 PDT"]
[Termination "isla88 won on time"]

1. e4 c5 2. Nf3 Nc6 3. d4 cxd4 4. Nxd4 e5 5. Nb5 d6 6. N1c3 a6 7. Na3 Be7 8. Nc4 b5 9. Ne3 Nf6 10. g3 h5 11. h4 Nd4 12. Bg2 b4 13. Ncd5 Nxd5 14.
Nxd5 Bg4 15. f3 Be6 16. Be3 Bxd5 17. exd5 Rc8 18. Bxd4 exd4 19. Qxd4 Rxc2 20. O-O O-O 21. Qxb4 Bf6 22. Rf2 Bxb2 23. Rxc2 Bxa1 24. f4 Qe7 25.
Be4 f5 26. Bf3 Qe3+ 27. Kg2 Bd4 28. Qb1 g6 29. Re2 Qc3 30. Rc2 Qd3 31. Qd1 Qe3 32.
Re2 Qc3 33. Re6 Rf6 34. Re8+ Kg7 35. Re2 Kh6 0-1

[Event "*** Titled Tuesday Blitz"]
[Site "Chess.com"]
[Date "2020.05.12"]
[Round "3"]
[White "Mfcyryd"]
[Black "halfnatty"]
[Result "1-0"]
[WhiteElo "2562"]
[BlackElo "2734"]
[TimeControl "180+1"]
[EndTime "10:28:36 PDT"]
[Termination "Mfcyryd won on time"]

1. e4 c5 2. Nf3 e6 3. d4 cxd4 4. Nxd4 Nc6 5. Nc3 Qc7 6. g3 a6 7. Bg2 Nf6 8. O-O Nxd4 9. Qxd4 Bc5 10. Qd3 Ng4 11. Bf4 Ne5 12. Qe2 b5 13. a4 b4 14.
Nb1 a5 15. Rd1 O-O 16. Nd2 d6 17. h3 Ba6 18. Qe1 Bd4 19. Rab1 Qxc2 20. Nf3 Nxf3+ 21. Bxf3 e5 22. Be3 Qb3 23. Kg2 Bxe3 24. Qxe3 Qxe3 25.
fxe3 Rfd8 26. Rbc1 Rac8 27. Rxc8 Bxc8 28. Rd5 Kf8 29.
Rxa5 Be6 30. Rb5 b3 31. Bd1 Ra8 32. Bxb3 Bxb3 33. Rxb3 Rxa4 34. Kf3 Ke7 35. h4 g6 36. Rb8 h5 37. b3 Ra2 38. b4 f5 39. exf5 gxf5 40.
Rh8 Kf6 41. Rh6+ Ke7 42. Rxh5 Ke6 43. Rh6+ Kd5 44. Rf6 Rb2 45. Rxf5 Rxb4 46. h5 Ke6 47. Rf8 1-0

[Event "*** Titled Tuesday Blitz"]
[Site "Chess.com"]
[Date "2020.05.12"]
[Round "3"]
[White "Maksimus1998"]
[Black "Boudicca64"]
[Result "1-0"]
[WhiteElo "2466"]
[BlackElo "2015"]
[TimeControl "180+1"]
[EndTime "10:28:36 PDT"]
[Termination "Maksimus1998 won on time"]

1. c4 e6 2. Nc3 d5 3. d4 Nf6 4. cxd5 exd5 5. Bg5 c6 6. e3 Qb6 7. Qd2 Ne4 8. Nxe4 dxe4 9. Ne2 Bb4 10. Nc3 O-O 11. Be2 Bf5 12. O-O h6 13. Bh4 Re8 14. a3 Bf8 15. b4 a5 16. Na4 Qc7 17. Bg3 Bd6 18. b5 Bxg3 19. fxg3 cxb5 20. Bxb5 Bd7 21. Rac1 Qd6 22. Bxd7 Nxd7 23. Nc5 Nxc5 24. Rxc5 b6 25. Rcf5 Ra7 26. a4 Qb4 27. Qa2 Ree7 28. Rb5 Qc3 29.
Rb3 Qc6 30. Rb5 Qc3 31. Qb3 Qxb3 32. Rxb3 Reb7 33. Rfb1 Ra6 34. g4 Kf8 35. Kf2 Ke7 36.
Kg3 g5 37. Rb5 f6 38. Rc1 Ra8 39. Rc6 Rab8 40. d5 Rd8 41. Re6+ Kf7 42. Rxe4 Rc7 43. Re6 Re7 44. Rxe7+ Kxe7 45. e4 Rb8 46. Kf3 Kd6 47.
Ke3 Ke5 48. Rb2 Rb7 49. Rc2 b5 50. Rc6 Re7 51. axb5 a4 52. Ra6 f5 53. gxf5 a3 54.
Rxa3 Rc7 55. b6 1-0

[Event "*** Titled Tuesday Blitz"]
[Site "Chess.com"]
[Date "2020.05.12"]
[Round "3"]
[White "larisakalinina"]
[Black "SHIVACalypso"]
[Result "0-1"]
[WhiteElo "2006"]
[BlackElo "2299"]
[TimeControl "180+1"]
[EndTime "10:28:36 PDT"]
[Termination "SHIVACalypso won on time"]

1. e4 e6 2. d3 d5 3. Qe2 d4 4. Nf3 c5 5. g3 Nc6 6. Bg2 e5 7. Nbd2 f6 8. O-O Bd6 9. Ne1 Nge7 10. f4 O-O 11. Nc4 Bc7 12. a4 a6 13. Nf3 Rb8 14. Bd2 b5 15. Na3 Be6 16. axb5 axb5 17. b3 Bd6 18. f5 Bf7 19. h4 Nb4 20. g4 c4 21. bxc4 bxc4 22. Bxb4 cxd3 23. cxd3 Bxb4 24.
Nc4 Bc3 25. Ra7 Bxc4 26. dxc4 d3 27. Qa2 Rb2 28. Qa3 Bd4+ 29. Kh1 Bxa7 30. Qxb2 Nc6 31. Qb5 Nd4 32. Nxd4 Qxd4 33. Qd5+ Qxd5 34. exd5 Re8 35.
Rd1 e4 36. Bxe4 Rxe4 37. Rxd3 Rxc4 38. d6 Rc8 39. d7 Rd8 40. Kg2 Kf7 41. Kf3 Ke7 42.
g5 Rxd7 43. Ra3 Bd4 44. Kg4 Be5 45. Re3 Kf7 0-1

[Event "*** Titled Tuesday Blitz"]
[Site "Chess.com"]
[Date "2020.05.12"]
[Round "3"]
[White "MarcoCorvi"]
[Black "TigranMukhutdinov"]
[Result "0-1"]
[WhiteElo "2196"]
[BlackElo "2425"]
[TimeControl "180+1"]
[EndTime "10:28:37 PDT"]
[Termination "TigranMukhutdinov won by checkmate"]

1. c4 e5 2. Nc3 Bb4 3. Qb3 a5 4. a3 Bxc3 5. Qxc3 Nc6 6. e3 Nf6 7. Nf3 Qe7 8. Be2 O-O 9. O-O d5 10. cxd5 Nxd5 11. Qc2 Bg4 12. h3 Bh5 13. d3 a4 14. Bd2 Rfd8 15. Rac1 Bg6 16. e4 Nb6 17. Be3 Bh5 18. Qc5 Qxc5 19. Bxc5 Bxf3 20. gxf3 g5 21. Kg2 Nd7 22. Be3 f6 23. h4 h6 24. Rh1 Nf8 25. hxg5 hxg5 26. Rh6 Kg7 27. Rch1 Nd4 28. Bxd4 Rxd4 29.
R6h2 Ra5 30. Rc1 c6 31. Kf1 Rd8 32. Ke1 Ne6 33. Kd2 Nd4 34. Ke3 Rb5 35. Rb1 Rh8 36. Rxh8 Kxh8 37. Bd1 Ra5 38. Kd2 Kg7 39. Rc1 Ra8 40. Rc4 b5 41. Rc5 Rh8 42. Rc3 Rh1 43. b3 axb3 44. Bxb3 Rb1 45. Bd1 Rb2+ 46. Ke3 Kf7 47.
Rc1 Ke6 48. Ra1 Kd6 49. a4 bxa4 50. Rxa4 Rb1 51. Be2 Re1 52. Ra2 Kc5 53. Rd2 Kb4 54.
Rb2+ Kc3 55. Rd2 Ra1 56. Rd1 Nc2# 0-1

[Event "*** Titled Tuesday Blitz"]
[Site "Chess.com"]
[Date "2020.05.12"]
[Round "3"]
[White "mishanick"]
[Black "mbojan"]
[Result "1-0"]
[WhiteElo "2969"]
[BlackElo "2671"]
[TimeControl "180+1"]
[EndTime "10:28:38 PDT"]
[Termination "mishanick won by resignation"]

1. d4 Nf6 2. c4 c5 3. d5 b5 4. cxb5 a6 5. bxa6 g6 6. Nc3 Bg7 7. e4 O-O 8. Be2 Qa5 9. Bd2 Bxa6 10. e5 Ne8 11. Nf3 Bxe2 12. Qxe2 Qa6 13. h4 Qxe2+ 14. Kxe2 d6 15. Bg5 Ra7 16. h5 dxe5 17. hxg6 hxg6 18. Nd2 Nd6 19. Nde4 f6 20. Be3 Nd7 21. Nxc5 Nxc5 22. Bxc5 Rc7 23. b4 Nb7 24. Nb5 Rd7 25. Rhd1 f5 26. a4 e4 27. Rac1 Rb8 28. Rc4 Kf7 29. Be3 Be5 30. g3 Kf6 31. Rc6+ Kf7 32. Bb6 Nd8 33. Bxd8 Rdxd8 34. Re6 Bf6 35. Rd2 Rdc8 36.
Rc6 Rd8 37. d6 exd6 38. Nxd6+ Kg7 39. b5 Be5 40. Nc4 Rxd2+ 41. Kxd2 Bf6 42. b6 Rd8+ 43. Ke2 Ra8 44. a5 Bc3 45. b7 Rb8 46. a6 Bd4 47. Rc8 Ba7 48. Rxb8 Bxb8 49. Na5 1-0

[Event "*** Titled Tuesday Blitz"]
[Site "Chess.com"]
[Date "2020.05.12"]
[Round "3"]
[White "Volodar_Murzin"]
[Black "PlayChessSimple"]
[Result "1-0"]
[WhiteElo "2717"]
[BlackElo "2488"]
[TimeControl "180+1"]
[EndTime "10:28:39 PDT"]
[Termination "Volodar_Murzin won on time"]

1. d4 e6 2. Nf3 f5 3. g3 Nf6 4. Bg2 g6 5. O-O Bg7 6. c4 O-O 7. Nc3 d6 8. Rb1 Nc6 9. d5 Ne5 10. Nd4 Nxc4 11. Nxe6 Bxe6 12. dxe6 Qe7 13. Bxb7 Rab8 14.
Bg2 Qxe6 15. Qc2 Ne5 16. Bg5 c6 17. Rfd1 d5 18. Bxf6 Qxf6 19. e3 h5 20. Ne2 h4 21.
Nd4 hxg3 22. hxg3 Rb6 23. Rbc1 Kh8 24. b3 g5 25. Qe2 Ng4 26. Bh3 Nh6 27. Qh5 f4 28.
exf4 gxf4 29. g4 Rg8 30. Kf1 Qf7 31. Qxf7 Nxf7 32. Nxc6 Ng5 33. Bg2 f3 34. Bh1 Bf6 35. Rxd5 Kg7 36. Rf5 Rh8 37. Bxf3 Nxf3 38. Ke2 Rh3 39.
Rxf3 1-0

[Event "*** Titled Tuesday Blitz"]
[Site "Chess.com"]
[Date "2020.05.12"]
[Round "3"]
[White "FelixJoseYnojosa"]
[Black "NemtsevIgor"]
[Result "1-0"]
[WhiteElo "2601"]
[BlackElo "2288"]
[TimeControl "180+1"]
[EndTime "10:28:39 PDT"]
[Termination "FelixJoseYnojosa won by resignation"]

1. e4 c6 2. c4 d5 3. cxd5 cxd5 4.
exd5 a6 5. Qb3 Nf6 6. Nc3 Nbd7 7. d4 b5 8. a4 b4 9. Qxb4 e6 10. Qb3 exd5 11. Nf3 Bd6 12. Bd3 O-O 13. O-O Rb8 14. Qa2 Bb7 15. Bg5 Qb6 16. Rfe1 Ne4 17.
Nxe4 dxe4 18. Bxe4 Bxe4 19. Rxe4 Qxb2 20. Qxb2 Rxb2 21.
a5 h6 22. Be3 Nf6 23. Rh4 Rfb8 24. g3 Rb1+ 25. Rxb1 Rxb1+ 26. Kg2 Ra1 27. Bd2 Bc7 28.
d5 Nxd5 29. Rh5 Nf6 30. Rc5 Ne8 31. Nd4 Ra2 32. Nc2 f6 33. Bb4 Kf7 34. Be1 Ke6 35. Nd4+ Kd7 36. h4 Nd6 37. h5 Nb7 38. Rd5+ Kc8 39.
Ne6 Bxa5 40. Bxa5 Nxa5 41. Nxg7 Nc6 42. Nf5 a5 43. Nxh6 a4 44. Nf5 a3 45. h6 Re2 46. Rd3 a2 47. Ra3 Re8 48. Rxa2 Rh8 49. g4 Kd7 50. f4 Nb4 51. Rd2+ Ke6 52. Rd6+ Kf7 53. Rd7+ Ke6 54. Re7+ Kd5 55. g5 fxg5 56. fxg5 Nc6 57. Re1 Ne5 58. Kg3 Ng6 59. Ne7+ Nxe7 60.
Rxe7 Ra8 61. g6 Kd6 62. Re1 Ra4 63. g7 Ra8 64. h7 1-0

[Event "*** Titled Tuesday Blitz"]
[Site "Chess.com"]
[Date "2020.05.12"]
[Round "3"]
[White "Isajevsky_Anton"]
[Black "ckgchess"]
[Result "0-1"]
[WhiteElo "2408"]
[BlackElo "2649"]
[TimeControl "180+1"]
[EndTime "10:28:39 PDT"]
[Termination "ckgchess won on time"]

1. c4 g6 2. Nc3 Bg7 3. g3 c5 4.
Bg2 Nc6 5. Rb1 Nf6 6. a3 a5 7. d3 O-O 8. Nh3 e6 9. Nf4 g5 10. Nh3 h6 11. f4 g4 12. Nf2 d5 13.
O-O d4 14. Na4 Qe7 15. e4 dxe3 16. Bxe3 Nd4 17. Nxg4 Nxg4 18. Qxg4 Rd8 19. Qh5 Bd7 20. Qxc5 Qe8 21. Nb6 Nf5 22. Nxa8 Rc8 23. Qb6 Rxa8 24. Bf2 a4 25. b3 axb3 26. Rxb3 Bc6 27. Bxc6 bxc6 28.
Qc7 Rc8 29. Qb6 c5 30. Qb5 Qd8 31. a4 h5 32. a5 h4 33. g4 Nd4 34. Bxd4 Bxd4+ 35. Kg2 h3+ 36. Kxh3 Kg7 37. Rf3 Qf6 38. Kg2 Qh4 39. Qb7 Rh8 40. h3 Qe1 41. Rf1 Qe2+ 0-1

[Event "*** Titled Tuesday Blitz"]
[Site "Chess.com"]
[Date "2020.05.12"]
[Round "3"]
[White "Charlottemillard17"]
[Black "ulkaf961"]
[Result "0-1"]
[WhiteElo "1402"]
[BlackElo "2194"]
[TimeControl "180+1"]
[EndTime "10:28:39 PDT"]
[Termination "ulkaf961 won on time"]

1. e4 e6 2. d4 d5 3. Nd2 Be7 4. Bd3 c5 5. c3 Nf6 6. Ne2 cxd4 7. cxd4 dxe4 8. Nxe4 O-O 9. N2g3 Qxd4 10. Ng5 Bb4+ 11.
Kf1 Nc6 12. Be3 Qe5 13. Nf3 Qa5 14. a3 Be7 15. b4 Qc7 16. Rc1 a6 17. Ne4 Rd8 18.
Qc2 h6 19. Nxf6+ Bxf6 20. g3 Qd6 21. Rd1 Qe7 22. Bc5 Qe8 23. Kg2 Bd7 24. Rhe1 Rdc8 25. Qd2 Ne7 26. Bh7+ Kh8 27. Qxd7 Kxh7 28. Qd3+ Kh8 29.
Qb3 Qc6 30. Kg1 b6 31. Bxe7 Bxe7 32. Ne5 Qe8 33. Nd7 Rc6 34. Ne5 Rd6 35. Rxd6 Bxd6 36. Nf3 Rc8 37. Qd3 Be7 38. Qxa6 Ra8 39. Qd3 Rd8 40.
Qc4 Bf6 41. Qa6 Qc6 42. Qd3 Rxd3 0-1

[Event "*** Titled Tuesday Blitz"]
[Site "Chess.com"]
[Date "2020.05.12"]
[Round "3"]
[White "Chuchofrio1"]
[Black "CyberneticLion"]
[Result "0-1"]
[WhiteElo "2236"]
[BlackElo "2540"]
[TimeControl "180+1"]
[EndTime "10:28:39 PDT"]
[Termination "CyberneticLion won by checkmate"]

1. e4 e5 2. Nf3 Nc6 3. Bc4 Bc5 4. O-O Nf6 5. d3 O-O 6. Bg5 h6 7. Be3 Bb6 8. Nbd2 d5 9. exd5 Nxd5 10. Bxb6 axb6 11.
Re1 Re8 12. Nf1 Bg4 13. Bxd5 Qxd5 14. Ne3 Bxf3 15. Nxd5 Bxd1 16. Rexd1 Rac8 17. a3 f6 18.
Re1 Kf7 19. c3 Red8 20. c4 Ne7 21. Nxe7 Kxe7 22. Rad1 Rd4 23. Re4 Rcd8 24. Rxd4 Rxd4 25. Kf1 Kd6 26. Ke2 Kc5 27. b4+ Kc6 28. Ke3 b5 29.
c5 Kd5 30. f3 Ke6 31. Rc1 f5 32. Rc3 g5 33. Rc2 Rd8 34. Ra2 Ra8 35. Ra1 Kd5 36.
Ra2 Ra6 37. Ra1 h5 38. h3 f4+ 39. Kd2 Kd4 40. Ra2 g4 41. hxg4 hxg4 42. fxg4 Rg6 43.
Ra1 Rxg4 44. Rg1 Rg3 45. Ke2 f3+ 46. Kf2 Rxg2+ 47. Rxg2 fxg2 48. Kxg2 Kxd3 49. Kf3 e4+ 50. Kf2 Kd2 51. a4 e3+ 52. Kf3 bxa4 53. b5 e2 54. Ke4 e1=Q+ 55. Kd5 Qe8 56. b6 Qc6+ 57. Kc4 cxb6 58. Kb4 Qxc5+ 59. Kxa4 b5+ 60. Kb3 Qc4+ 61. Kb2 Qb4+ 62. Ka1 Kc2 63. Ka2 Qa4# 0-1

[Event "*** Titled Tuesday Blitz"]
[Site "Chess.com"]
[Date "2020.05.12"]
[Round "3"]
[White "BocharovD"]
[Black "Barys1974"]
[Result "1-0"]
[WhiteElo "2860"]
[BlackElo "2634"]
[TimeControl "180+1"]
[EndTime "10:28:40 PDT"]
[Termination "BocharovD won by resignation"]

1. c4 e5 2. d3 c6 3. Nf3 Bd6 4. Nc3 Nf6 5. g3 O-O 6. Bg2 Bc7 7. e4 h6 8. O-O d6 9. h3 Be6 10.
b3 d5 11. exd5 cxd5 12. Nb5 Nc6 13. Nxc7 Qxc7 14. Bb2 d4 15. Re1 Nd7 16. Ba3 Rfe8 17. b4 a6 18. Nd2 a5 19. b5 Nb4 20. Nb3 Rac8 21. Qd2 Bf5 22. Bf1 Nc5 23. Nxc5 Qxc5 24. Rab1 e4 25. dxe4 Bxe4 26. Bxb4 axb4 27. Rxb4 d3 28.
Rb3 Qxc4 29. Bxd3 Qd5 30. Re3 Bh1 31. f3 Bxf3 32. Rxf3 Qd4+ 33. Qf2 Rc1+ 34. Kg2 Qa1 35. Rxf7 Rd1 36. Bg6 Qc1 37. Rbf3 Rd2 38. Rf8+ 1-0

[Event "*** Titled Tuesday Blitz"]
[Site "Chess.com"]
[Date "2020.05.12"]
[Round "3"]
[White "econpower"]
[Black "Djager97"]
[Result "0-1"]
[WhiteElo "2612"]
[BlackElo "2415"]
[TimeControl "180+1"]
[EndTime "10:28:40 PDT"]
[Termination "Djager97 won by resignation"]

1. c4 e6 2. g3 d5 3. Bg2 Nf6 4. Nf3 c6 5. O-O dxc4 6. Na3 b5 7. Ne5 Qb6 8. Qc2 Bb7 9. b3 cxb3 10. axb3 Be7 11.
Bb2 O-O 12. d4 a6 13. Nd3 Nbd7 14. b4 a5 15. Bc3 axb4 16. Bxb4 Bxb4 17. Nxb4 Nd5 18.
Nxd5 cxd5 19. Qb2 b4 20. Nc2 b3 21. Rab1 bxc2 22. Qxb6 Nxb6 23. Rxb6 Ba6 24. Bf3 Rfb8 25.
Rc6 Rc8 26. Rxc8+ Rxc8 27. Rc1 Rc3 28. h4 Kf8 29. h5 h6 30. Bg4 Ke7 31. Kg2 Bc4 32.
f4 Ba2 33. Kf2 Bb1 34. Bf3 Kd6 35. e3 Kc6 36. Ke2 Kb5 37. Kd2 Kb4 38. Be2 Kb3 39. Bd3 Kb2 40. Be2 Ba2 41. Bf3 Bc4 42. Bg4 Rd3+ 43. Ke2 Kxc1 0-1

[Event "*** Titled Tuesday Blitz"]
[Site "Chess.com"]
[Date "2020.05.12"]
[Round "3"]
[White "SaqoChess_Twitch"]
[Black "Reader777"]
[Result "0-1"]
[WhiteElo "2392"]
[BlackElo "2594"]
[TimeControl "180+1"]
[EndTime "10:28:41 PDT"]
[Termination "Reader777 won by checkmate"]

1. d4 Nf6 2. c4 e6 3. Nc3 Bb4 4. a3 Bxc3+ 5. bxc3 O-O 6. e3 c5 7. Bd3 Nc6 8. Ne2 b6 9. e4 Ne8 10. O-O Ba6 11. f4 Na5 12. f5 Bxc4 13. Bxc4 Nxc4 14. Qd3 Ncd6 15. f6 c4 16. Qc2 gxf6 17. Bh6 f5 18.
Ng3 fxe4 19. Nxe4 Nf5 20. Rxf5 exf5 21. Qf2 fxe4 22. Qg3+ Kh8 23. Bxf8 Qf6 24. Rf1 Qg6 25. Qe5+ Ng7 26. Be7 Re8 27. Rf6 Qg4 28. h3 Qd1+ 29. Kh2 Kg8 30. Rf4 Qh5 31. Bf6 Rxe5 32. dxe5 Ne6 33.
Rxe4 Qf5 34. Rxc4 Nf8 35. Rg4+ Ng6 36. Rc4 d5 37. Rc8+ Qxc8 38. h4 Qe6 39. h5 Nxe5 40. Bg5 Qg4 41. Bf4 Qxf4+ 42. Kg1 Qe3+ 43. Kh2 Qxc3 44. g4 Qxa3 45. g5 Ng4+ 46. Kg2 Qe3 47. Kf1 Qf2# 0-1

[Event "*** Titled Tuesday Blitz"]
[Site "Chess.com"]
[Date "2020.05.12"]
[Round "3"]
[White "Koksik_13"]
[Black "Tacticusbd"]
[Result "1-0"]
[WhiteElo "2555"]
[BlackElo "2357"]
[TimeControl "180+1"]
[EndTime "10:28:41 PDT"]
[Termination "Koksik_13 won on time"]

1. d4 e6 2. Nc3 d5 3. Bf4 Nf6 4. Nb5 Na6 5. e3 c6 6. Nc3 Nc7 7. Qf3 Bd6 8. Bxd6 Qxd6 9. Qg3 Qxg3 10. hxg3 h6 11. Nf3 b6 12. Ne5 Bb7 13. f3 Nd7 14.
Nxd7 Kxd7 15. O-O-O Ke7 16. f4 Ne8 17. Be2 Nd6 18. Bf3 a5 19. g4 b5 20. Rhe1 f5 21.
gxf5 exf5 22. g4 g6 23. Rh1 Bc8 24. Rdg1 Be6 25. Nd1 Ne4 26. Bxe4 dxe4 27. gxf5 gxf5 28. Rg6 h5 29. Nf2 Kf7 30. Rg5 h4 31. Nh3 Kf6 32. a3 Bf7 33. Kd2 Bh5 34. Rhg1 Raf8 35. Ke1 Rh6 36. Rg8 Rxg8 37. Rxg8 Rg6 38. Rc8 Rg3 39.
Rxc6+ Ke7 40. Ng5 h3 41. Rh6 h2 42. Rxh5 Rg1+ 43. Kd2 h1=Q 44. Rxh1 Rxh1 45. b3 b4 46. axb4 axb4 47. Ke2 Rh2+ 48. Kd1 Kf6 49. d5 Ke7 50.
Ne6 Kd6 51. Nd4 Rh5 52. Nc6 Kc5 53. Ne7 1-0